 Dungeon Crawl Stone Soup version 0.27-a0-1331-g60ef6b6952 (webtiles) character file.

Game seed: 17517332319755591471

83 EiAlmux the Conjurer (level 4, -1/24 HPs)
             Began as a Deep Elf Conjurer on June 24, 2021.
             Killed from afar by Ijyb (9 damage)
             ... with a puff of flame
             ... on level 3 of the Dungeon.
             The game lasted 00:03:08 (2320 turns).

EiAlmux the Conjurer (Deep Elf Conjurer)            Turns: 2320, Time: 00:03:08

Health: -1/24      AC:  2    Str:  4    XL:     4   Next: 22%
Magic:  8/11       EV: 12    Int: 24    God:
Gold:   64         SH:  0    Dex: 13    Spells: 7/10 levels left

rFire    . . .     SeeInvis .   i - +0 short sword
rCold    . . .     Faith    .   (no shield)
rNeg     . . .     Spirit   .   a - +0 robe
rPois    .         Reflect  .   (no helmet)
rElec    .         Harm     .   (no cloak)
rCorr    .         Rampage  .   (no gloves)
Will     .....                  (no boots)
Stlth    ++........             (no amulet)
HPRegen  0.08/turn              (no ring)
MPRegen  0.12/turn              (no ring)

@: no status effects
A: no striking features
a: no special abilities


You were on level 3 of the Dungeon.
You visited 1 branch of the dungeon, and saw 3 of its levels.

You collected 64 gold pieces.

Inventory:

Hand Weapons
 b - a +0 long sword
 i - a +0 short sword (weapon)
Missiles
 j - 5 stones
Armour
 a - a +0 robe (worn)
Jewellery
 l - an amulet of guardian spirit
Scrolls
 d - a scroll of fog {unknown}
 e - a scroll of immolation {unknown}
 g - a scroll of identify {unknown}
 k - a scroll of amnesia {unknown}
 m - 2 scrolls of silence {unknown}
 n - a scroll of blinking {unknown}
Potions
 c - a potion of mutation {unknown}
 f - 2 potions of curing {unknown}
 h - a potion of brilliance {unknown}


   Skills:
 + Level 3.0 Dodging
 + Level 3.2 Stealth
 + Level 3.8 Spellcasting
 + Level 4.7 Conjurations
 * Level 2.7 Hexes


You had 7 spell levels left.
You knew the following spells:

 Your Spells              Type           Power      Damage    Failure   Level
a - Magic Dart            Conj           100%       1d8       1%          1
b - Searing Ray           Conj           54%        3d5       2%          2

Your spell library contained the following spells:

 Spells                   Type           Power      Damage    Failure   Level
 Dazzling Flash           Conj/Hex       44%        N/A       6%          3
 Fulminant Prism          Conj/Hex       11%        3d9       21%         4
 Iskenderun's Mystic Bla  Conj/Tloc      16%        2d5       36%         4


Dungeon Overview and Level Annotations

Branches:
Dungeon (3/15)

Altars:

Shops:
D:1 [

Annotations:
D:3 Ijyb


Message History

There is a stone staircase leading down here.
A ball python skeleton comes into view.
Found 6 gold pieces.
The magic dart hits the ball python skeleton.
The ball python skeleton is heavily damaged.
The magic dart hits the ball python skeleton.
The ball python skeleton is almost destroyed.
The magic dart hits the ball python skeleton.
You destroy the ball python skeleton!
You now have 64 gold pieces (gained 6).
Done exploring.
Done exploring.
Search for what [Enter for "."]?
You see here a bat corpse.
There is a stone staircase leading down here.
You climb downwards.
There is a stone staircase leading up here.
Found a rapier.
You can't see any susceptible monsters within range! (Use Z to cast anyway.)
n - a scroll labelled OMOHEKUTT MUETA A giant cockroach comes into view.
A giant cockroach is nearby!
The magic dart hits the giant cockroach.
The giant cockroach is heavily wounded.
The magic dart hits the giant cockroach.
The giant cockroach is almost dead.
The magic dart hits the giant cockroach.
You kill the giant cockroach!
Magic restored.
Found a stone staircase leading down.
Ijyb the Twisted Goblin comes into view.
She is wielding a +0 dagger and carrying a wand of flame (20).
The magic dart hits Ijyb but does no damage.
The magic dart hits Ijyb but does no damage.
Ijyb zaps a wand.
The puff of flame hits you!
The magic dart hits Ijyb.
Ijyb is moderately wounded.
Ijyb zaps a wand.
The puff of flame hits you!
You are too injured to fight recklessly!
Ijyb zaps a wand.
The puff of flame hits you!
You die...

. ... ....#
......########
.g......@....#
....>#######.#
... #.# . #.#
#######.#######
#..........†..#
#.#####.#####.#
#.# #.#
#.#####.#


You could see Ijyb.

Vanquished Creatures
  3 adders (D:2)
  An adder zombie (D:2)
  11 ball pythons
  8 bats
  A bat skeleton (D:2)
  4 endoplasms
  3 giant cockroaches
  4 goblins
  5 hobgoblins
  A kobold (D:1)
  A quokka (D:2)
  A ball python skeleton (D:2)
  A ball python zombie (D:2)
  4 frilled lizards
  2 rats
50 creatures vanquished.

Vanquished Creatures (others)
  A withered plant (D:2)
1 creature vanquished.

Grand Total: 51 creatures vanquished

Notes
Turn   | Place    | Note
-------+----------+-------------------------------------------
     0 | D:1      | EiAlmux the Deep Elf Conjurer began the quest for the Orb.
     0 | D:1      | Reached XP level 1. HP: 10/10 MP: 6/6
    24 | D:1      | Found Itupif's Antique Armour Emporium.
    71 | D:1      | Reached skill level 1 in Hexes
   165 | D:1      | Reached XP level 2. HP: 15/15 MP: 5/8
   214 | D:1      | Learned a level 2 spell: Searing Ray
   881 | D:1      | Reached XP level 3. HP: 17/19 MP: 4/9
  1626 | D:2      | Reached XP level 4. HP: 24/24 MP: 7/11
  1700 | D:2      | Found a faded altar of an unknown god.
  2316 | D:3      | Noticed Ijyb
  2320 | D:3      | Killed from afar by Ijyb

Illustrated notes

Levels and vault maps discovered:
D:1:      eino_arrival_tree_alley, layout_basic, serial_shops,
          nicolae_shop_statue_plus
D:2:      layout_loops_ring, serial_undead, serial_undead_f, serial_undead_f,
          serial_undead_d, serial_undead_c, hellmonk_ecumenical_altar_zigzags,
          minmay_misc_feat_iff, serial_bayou_crossing
D:3:      layout_loops_ring, serial_shops, nicolae_shop_statue_plus, uniq_ijyb,
          uniq_natasha, uniq_robin

Skill      XL: |  1  2  3 |
---------------+----------+-----
Hexes          | 1 2 |  2.7
Stealth        | 3 |  3.2
Dodging        | 3 |  3.0
Spellcasting   | |  3.8
Conjurations   | |  4.7

Action                   |  1- 3 |  4- 6 || total
-------------------------+-------+-------++-------
 Cast: Magic Dart        |    67 |    24 ||    91
Armor: Robe              |     4 |       ||     4
Dodge: Dodged            |     4 |     3 ||     7
       Rpst.: Long sword |     1 |       ||     1

Table legend: (Time is in decaauts)
 A = Elapsed time spent in this place.
 B = Non-inter-level travel time spent in this place.
 C = Inter-level travel time spent in this place.
 D = Time resting spent in this place.
 E = Time spent auto-exploring this place.
 F = Levels seen in this place.
 G = Mean time per level.
                   A        B        C        D        E       F      G
               +--------+--------+--------+--------+--------+-----+--------+
         Total |   2323 |   2199 |    124 |      0 |   2042 |   3 |  774.3 |
       Dungeon |   2323 |   2199 |    124 |      0 |   2042 |   3 |  774.3 |
               +--------+--------+--------+--------+--------+-----+--------+

Top non-repeatable levels by time:
     D:1: 1161 daAuts
     D:2: 1109 daAuts
     D:3: 53 daAuts
